 Dungeon Crawl Stone Soup version 0.18.1-8-gdd0e5ea (webtiles) character file.

17963 georgeearnest the Cleaver (level 12, -1/160 HPs)
             Began as a Hill Orc Fighter on June 8, 2016.
             Was a High Priest of Beogh.
             Slain by an ogre
             ... wielding a +0 giant club
              (16 damage)
             ... on level 2 of the Orcish Mines.
             The game lasted 00:42:53 (16671 turns).

georgeearnest the Cleaver (Hill Orc Fighter)       Turns: 16671, Time: 00:42:54

Health: -1/160     AC: 26    Str: 24      XL:     12   Next: 53%
Magic:  12/12      EV:  2    Int:  7 (8)  God:    Beogh [*****.]
Gold:   1554       SH:  0    Dex: 15      Spells: 0 memorised, 11 levels left

rFire  . . .     SeeInvis .     a - +0 war axe
rCold  . . .     Gourm    .     (armour currently unavailable)
rNeg   + + +     Faith    .     c - +0 shield
rPois  +         Spirit   .     (helmet currently unavailable)
rElec  .         Dismiss  .     (cloak currently unavailable)
rCorr  +         Reflect  .     (gloves currently unavailable)
SustAt .         Harm     .     (boots currently unavailable)
MR     .....     NoTele   +     (no amulet)
Stlth  +++.......               j - +4 ring of evasion
                                y - ring of resist corrosion

@: confused, agile, tree-form, not resistant to hostile enchantments, fairly
stealthy
A: walk on water, (iridescent scales 0)
a: Smiting, Recall Orcish Followers, Give Item to Named Follower, Renounce
Religion


You were on level 2 of the Orcish Mines.
You worshipped Beogh.
Beogh was extremely pleased with you.
You were not hungry.
You were a tree.
You visited 2 branches of the dungeon, and saw 14 of its levels.
You also visited: Bailey.

You collected 1590 gold pieces.
You spent 36 gold pieces at shops.

Inventory:

Hand Weapons
 a - a +0 war axe (weapon)
 d - a +0 war axe
Armour
 c - a +0 shield (worn)
 K - the +0 cloak of Negligence (melded) {rElec}
   (You found it on level 5 of the Dungeon)

   It insulates you from electricity.
 S - the cursed +0 ring mail of the Abyss (melded) {rF+ MP+9 SInv}
   (You found it on level 10 of the Dungeon)

   It protects you from fire.
   It affects your magic capacity (+9).
   It lets you see invisible.
   It has a curse placed upon it.
Jewellery
 f - an uncursed ring of stealth
 j - a +4 ring of evasion (right branch)
 y - a ring of resist corrosion (left branch)
Scrolls
 b - a scroll of identify
 e - a scroll of amnesia
Potions
 C - 3 potions of agility
 D - 5 potions of magic
 G - a potion of cure mutation
Comestibles
 A - 7 fruits
 E - 8 slices of pizza
 Y - a beef jerky


   Skills:
 + Level 10.5 Fighting
 + Level 12.8 Axes
 + Level 9.6 Armour
 + Level 6.7 Dodging
 + Level 3.0 Stealth
 + Level 11.3 Shields


You had 11 spell levels left.
You didn't know any spells.

Dungeon Overview and Level Annotations

Branches:
Dungeon (12/15)            Temple (0/1) D:4            Lair (0/8) D:8
    Orc (2/2) D:10            Elf (0/3) Orc:2

Altars:
Ashenzari
Dithmenos
Fedhas
Makhleb
Nemelex Xobeh
Ru
Sif Muna
Trog
Yredelemnul
The Shining One

Shops:
D:5 ?%(%   D:7 :   D:10 [


Innate Abilities, Weirdness & Mutations

You can walk on water.
((You are partially covered in iridescent scales (AC +4).))


Message History

The ogre is almost dead.
You block the ogre's attack.
The ogre mage hits you but does no damage.
You block the ogre's attack.
Drink which item? (? for menu, Esc to quit)
Okay, then.
You slice the ogre!!
You kill the ogre!
Beogh accepts your kill.
You slash the ogre!
You kill the ogre!
Beogh accepts your kill. The ogre mage casts a spell at you.
You are confused.
You cannot move. (Use ctrl+direction to attack without moving.)
You cannot move. (Use ctrl+direction to attack without moving.)
You cannot move. (Use ctrl+direction to attack without moving.)
You are too injured to fight recklessly!
The ogre hits you with a giant club!
You die...

## ### ###.### #..#
##.....## #.... #.......#
###....# #.....## ##
#.....# ####....##.##
....# ####..##T.#....#
...# ##.#...♣OO.....##
....# #.....O##....### ##
.#...# ##.#...####.##.##
##. ..#.## #.....#.##...
####.. .####
##.......##.####.#OO. ###
## ##......##.##....O.#
..##
##.####.....OO......#..#
...#
#....#......O...O...#..#
# ##
##.....#.......#....##..#


You could see an ogre mage, a troll and 2 ogres.

Vanquished Creatures
  2 centaur warriors
  An ogre mage (Orc:2)
  An unseen horror (D:11)
  A phantasmal warrior (D:12)
  A hill giant (D:12)
  A cyclops (D:12)
  A centaur zombie (D:10)
  A freezing wraith (D:12)
  A troll (D:9)
  2 two-headed ogres (Orc:2)
  The ghost of raikaria the Archer, an amateur HEHu of Okawaru (D:7)
  Sigmund (D:2)
  A vampire (D:12)
  4 yaks
  A wyvern (D:12)
  A steam dragon (D:7)
  A hungry ghost (D:12)
  A hippogriff (D:8)
  5 porcupines
  3 phantoms
  2 ice beasts
  2 necrophages
  8 orc warriors
  4 sky beasts
  An eye of draining (D:11)
  18 ogres
  A crocodile (D:5)
  3 centaurs
  2 big kobolds
  A gnoll sergeant (D:8)
  6 giant frogs
  2 scorpions
  3 wights (D:10)
  11 killer bees
  4 howler monkeys
  5 crimson imps
  A centaur skeleton (D:7)
  8 orc wizards
  4 orc priests
  7 hounds
  A jelly (D:8)
  A giant frog skeleton (D:7)
  A human skeleton (D:10)
  Jessica (D:2)
  Crazy Yiuf (D:2)
  Terence (D:2)
  3 iguanas
  Natasha (thrice) (D:2)
  A hell rat (D:8)
  5 worker ants
  2 hound zombies
  23 gnolls
  7 adders
  A river rat (D:8)
  2 shadow imps
  An adder zombie (D:8)
  An adder skeleton (D:9)
  3 worms
  2 dart slugs (D:1)
  7 giant geckos
  19 orcs
  3 giant cockroaches
  6 goblins
  13 hobgoblins
  18 jackals
  3 quokkas
  2 ball pythons
  3 bats
  2 giant newts (D:3)
  22 kobolds
  6 rats
288 creatures vanquished.

Vanquished Creatures (collateral kills)
  2 ogre magi (Orc:2)
  A hill giant (D:10)
  A phantasmal warrior (D:12)
  An ugly thing (D:11)
  A gargoyle (D:11)
  A centaur skeleton (D:10)
  8 two-headed ogres
  A wraith (D:12)
  An orc warrior (D:11)
  2 yaks (D:10)
  A hippogriff (D:9)
  A human (D:10)
  2 sky beasts
  A necrophage (D:10)
  8 ogres
  A big kobold (D:9)
  A giant frog (D:11)
  A wyvern skeleton (D:11)
  3 killer bees (D:10)
  A wight (D:10)
  A crimson imp (D:10)
  A jelly (D:11)
  A giant frog zombie (D:11)
  5 orc priests
  A hound (D:9)
  2 orc wizards
  A human skeleton (D:10)
  2 worker ants
  A killer bee zombie (D:11)
  An adder (D:12)
  A giant gecko (D:9)
  8 orcs
  A quokka (D:10)
  5 kobolds
70 creatures vanquished.

Vanquished Creatures (others)
  2 orc knights
  8 orc priests
  A two-headed ogre (Orc:2)
  11 orc warriors
  9 orc wizards
  29 orcs
60 creatures vanquished.

Grand Total: 418 creatures vanquished

Notes
Turn   | Place    | Note
--------------------------------------------------------------
     0 | D:1      | georgeearnest the Hill Orc Fighter began the quest for the Orb.
     0 | D:1      | Reached XP level 1. HP: 19/19 MP: 1/1
   189 | D:1      | Reached skill level 3 in Axes
   196 | D:1      | Reached XP level 2. HP: 27/27 MP: 2/2
   817 | D:2      | Found a sparkling altar of Nemelex Xobeh.
   822 | D:2      | Reached XP level 3. HP: 33/33 MP: 3/3
   879 | D:2      | Noticed Natasha
   887 | D:2      | Killed Natasha
   915 | D:2      | Reached XP level 4. HP: 39/41 MP: 4/4
  1023 | D:2      | Noticed Natasha
  1031 | D:2      | Killed Natasha
  1043 | D:2      | Noticed Natasha
  1046 | D:2      | Killed Natasha
  1244 | D:2      | Noticed Sigmund
  1255 | D:2      | Killed Sigmund
  1255 | D:2      | Reached skill level 4 in Axes
  1255 | D:2      | Reached skill level 1 in Dodging
  1255 | D:2      | Reached XP level 5. HP: 15/47 MP: 5/5
  1255 | D:2      | Reached XP level 6. HP: 18/55 MP: 6/6
  1312 | D:2      | Found a blossoming altar of Fedhas.
  1430 | D:2      | Noticed Terence
  1450 | D:2      | Killed Terence
  1450 | D:2      | Reached skill level 5 in Fighting
  1474 | D:2      | Noticed Jessica
  1476 | D:2      | Killed Jessica
  1498 | D:2      | Noticed Crazy Yiuf
  1501 | D:2      | Killed Crazy Yiuf
  1501 | D:2      | Reached skill level 5 in Axes
  1562 | D:2      | Reached skill level 5 in Armour
  1786 | D:3      | Became a worshipper of Beogh the Brigand
  1872 | D:3      | Found a glowing golden altar of the Shining One.
  2240 | D:4      | Reached XP level 7. HP: 61/61 MP: 7/7
  2804 | D:4      | Found a staircase to the Ecumenical Temple.
  2862 | D:4      | Reached skill level 6 in Axes
  3056 | D:4      | Reached * piety under Beogh
  3056 | D:4      | Reached skill level 5 in Shields
  3306 | D:4      | Reached XP level 8. HP: 53/70 MP: 8/8
  3540 | D:5      | Entered Level 5 of the Dungeon
  3649 | D:5      | Found a burning altar of Makhleb.
  3652 | D:5      | Found a deep blue altar of Sif Muna.
  3655 | D:5      | Found a shattered altar of Ashenzari.
  3685 | D:5      | Found Fauho's Weapon Shop.
  3885 | D:5      | Found Inykiluh's Magic Scroll Boutique.
  3893 | D:5      | Bought a scroll of teleportation for 36 gold pieces
  3925 | D:5      | Found Huluboj's Food Shop.
  4014 | D:5      | Found Ysuss's Food Emporium.
  4421 | D:5      | Got an encrusted cloak
  4427 | D:5      | Identified the +0 cloak of Negligence {rElec} (You found it on level 5 of the Dungeon)
  4609 | D:6      | Reached skill level 7 in Axes
  4652 | D:6      | Found a shadowy altar of Dithmenos.
  5098 | D:7      | Reached ** piety under Beogh
  5104 | D:7      | Noticed raikaria's ghost (amateur HEHu)
  5106 | D:7      | Reached XP level 9. HP: 61/78 MP: 9/9
  5133 | D:7      | Killed raikaria's ghost
  5133 | D:7      | Reached skill level 8 in Axes
  5567 | D:7      | Found Oroschuxa's Book Shop.
  5792 | D:7      | Reached skill level 1 in Stealth
  6171 | D:8      | Reached skill level 9 in Axes
  6178 | D:8      | Gained mutation: You have a pair of small antennae on your head. [mutagenic meat]
  6276 | D:8      | Reached XP level 10. HP: 23/88 MP: 10/10
  6656 | D:8      | Found a staircase to the Lair.
  8458 | D:8      | Reached *** piety under Beogh
  8988 | D:9      | Gained mutation: Armour fits poorly on your strangely shaped body. [mutagenic meat]
  8989 | D:9      | Gained mutation: You occasionally shout uncontrollably at your foes. [mutagenic meat]
  8990 | D:9      | Lost mutation: You have a pair of small antennae on your head. [mutagenic meat]
  8991 | D:9      | Gained mutation: You are resistant to hostile enchantments. [mutagenic meat]
  8992 | D:9      | Gained mutation: You are partially covered in iridescent scales (AC +4). [mutagenic meat]
  8996 | D:9      | Found a bloodstained altar of Trog.
  9102 | D:9      | Noticed a centaur warrior
  9119 | D:9      | Killed a centaur warrior
  9119 | D:9      | Reached skill level 10 in Axes
  9453 | D:9      | Gained mutation: Your spells are a little harder to cast, but a little more powerful. [mutagenic meat]
  9454 | D:9      | Gained mutation: Your body sometimes deteriorates upon taking damage. [mutagenic meat]
  9456 | D:9      | Lost mutation: Armour fits poorly on your strangely shaped body. [mutagenic meat]
  9838 | D:10     | Entered Level 10 of the Dungeon
  9846 | D:10     | Found a flagged portal.
  9846 | D:10     | Found a staircase to the Orcish Mines.
  9861 | D:10     | Found Terum's Armour Shop.
 10045 | D:10     | Got a smoking ring mail
 10056 | D:10     | Identified the cursed +0 ring mail of the Abyss {rF+ MP+9 SInv} (You found it on level 10 of the Dungeon)
 10161 | Bailey   | Entered a bailey
 10173 | Bailey   | Reached **** piety under Beogh
 10944 | D:10     | Reached XP level 11. HP: 97/97 MP: 11/11
 11119 | D:10     | Found a runed door.
 11127 | D:10     | Found a basalt altar of Yredelemnul.
 11284 | D:10     | Reached skill level 5 in Dodging
 11318 | D:10     | Noticed a hill giant
 11334 | D:10     | Killed a hill giant
 11338 | D:10     | Reached skill level 11 in Axes
 11971 | D:11     | Noticed an unseen horror
 11978 | D:11     | Killed an unseen horror
 11978 | D:11     | Reached skill level 10 in Shields
 12078 | D:11     | Noticed a white ugly thing
 12090 | D:11     | Killed a white ugly thing
 12399 | D:11     | Found a sacrificial altar of Ru.
 13206 | D:12     | Gained mutation: You are somewhat resistant to further mutation. [mutagenic meat]
 13263 | D:12     | Noticed a phantasmal warrior
 13264 | D:12     | Noticed a phantasmal warrior
 13272 | D:12     | Noticed a death knight
 13279 | D:12     | Killed a phantasmal warrior
 13285 | D:12     | Killed a phantasmal warrior
 13946 | D:12     | Noticed a centaur warrior
 13966 | D:12     | Killed a centaur warrior
 14466 | D:12     | Noticed a hill giant
 14479 | D:12     | Reached ***** piety under Beogh
 14479 | D:12     | Reached skill level 12 in Axes
 14485 | D:12     | Killed a hill giant
 14584 | D:12     | Reached XP level 12. HP: 106/106 MP: 12/12
 14618 | D:12     | Noticed a six-headed hydra
 15339 | Orc:1    | Entered Level 1 of the Orcish Mines
 15404 | Orc:1    | Reached skill level 10 in Fighting
 16274 | Orc:2    | Entered Level 2 of the Orcish Mines
 16308 | Orc:2    | Found a staircase to the Elven Halls.
 16541 | Orc:2    | Noticed an ogre mage
 16542 | Orc:2    | Noticed an ogre mage
 16545 | Orc:2    | Noticed an ogre mage
 16553 | Orc:2    | Killed an ogre mage
 16562 | Orc:2    | Noticed an ogre mage
 16573 | Orc:2    | Killed an ogre mage
 16585 | Orc:2    | Killed an ogre mage
 16586 | Orc:2    | Gained Bogwik as an ally
 16592 | Orc:2    | Your ally Bogwik died
 16600 | Orc:2    | Paralysed by an ogre mage for 5 turns
 16656 | Orc:2    | Lost mutation: Your body sometimes deteriorates upon taking damage. [potion of cure mutation]
 16656 | Orc:2    | Lost mutation: Your spells are a little harder to cast, but a little more powerful. [potion of cure mutation]
 16656 | Orc:2    | Lost mutation: You are resistant to hostile enchantments. [potion of cure mutation]
 16656 | Orc:2    | Lost mutation: You occasionally shout uncontrollably at your foes. [potion of cure mutation]
 16656 | Orc:2    | Lost mutation: You are somewhat resistant to further mutation. [potion of cure mutation]
 16671 | Orc:2    | Slain by an ogre

Skill      XL: |  1  2  3  4  5  6  7  8  9 10 11 12 |
---------------+-------------------------------------+-----
Axes           | 3 4 5 6 7 9 10 12 | 12.8
Fighting       | 4 5 6 7 9 10 | 10.5
Armour         | 4 5 6 7 8 9 |  9.6
Dodging        | 1 2 3 4 6 |  6.7
Shields        | 4 5 6 8 9 10 11 | 11.3
Stealth        | 1 2 3 |  3.0

Action                   |  1- 3 |  4- 6 |  7- 9 | 10-12 || total
-------------------------+-------+-------+-------+-------++-------
Melee: War axe           |    57 |   125 |   516 |   816 ||  1514
Invok: Convert to Beogh  |       |     1 |       |       ||     1
  Use: Potion            |       |     1 |     6 |    16 ||    23
       Scroll            |       |       |    11 |     6 ||    17
 Stab: Distracted        |       |       |       |     6 ||     6
       Sleeping          |       |       |       |     1 ||     1
  Eat: Bread ration      |       |     1 |     2 |     6 ||     9
       Beef jerky        |       |       |     1 |       ||     1
       Chunk             |       |       |     1 |    15 ||    16
       Pizza             |       |       |     1 |     1 ||     2
       Royal jelly       |       |       |     1 |       ||     1
       Meat ration       |       |       |       |     3 ||     3
Armor: Scale mail        |    23 |    15 |       |       ||    38
       Chain mail        |       |    36 |   300 |   121 ||   457
       Ring mail         |       |       |       |   125 ||   125
       Skin              |       |       |       |     8 ||     8
Dodge: Dodged            |    17 |    34 |   133 |   302 ||   486
Block: Shield            |    22 |    59 |   317 |   587 ||   985
